 Dungeon Crawl Stone Soup version 0.28-a0-1212-gc6b4282bc0 (webtiles) character file.

Game seed: 17124680666212254102

11667 Htamos the Cleaver (level 11, 0/101 HPs)
             Began as a Hill Orc Fighter on Dec 21, 2021.
             Was a Believer of Beogh.
             Shot with an arrow by a centaur warrior (6 damage)
             ... on level 13 of the Dungeon.
             The game lasted 00:34:34 (13701 turns).

Htamos the Cleaver (Hill Orc Fighter)              Turns: 13701, Time: 00:34:34

Health: 0/101      AC: 16    Str: 22    XL:     11   Next: 81%
Magic:  13/13      EV: 10    Int:  8    God:    Beogh [**....]
Gold:   549        SH: 12    Dex: 12    Spells: 7/13 levels left

rFire   + . .      SeeInvis .   x - +5 flail (vorpal)
rCold   . . .      Faith    .   m - +1 kite shield {AC+3}
rNeg    . . .      Spirit   .   L - +0 troll leather armour
rPois   .          Reflect  .   o - +0 helmet
rElec   .          Harm     .   A - +2 cloak
rCorr   .          Rampage  .   f - +0 pair of gloves
Will    .....                   I - +0 pair of boots
Stlth   +.........              (no amulet)
HPRegen 1.06/turn               z - ring of wizardry
MPRegen 0.13/turn               P - ring of protection from fire

@: no status effects
A: no striking features
a: Renounce Religion, Smiting


You were on level 13 of the Dungeon.
You worshipped Beogh.
Beogh was pleased with you.
You visited 3 branches of the dungeon, and saw 16 of its levels.
You also visited: Sewer.

You collected 549 gold pieces.

Inventory:

Hand Weapons
 a - a +0 war axe
 d - a +0 flail of holy wrath
 n - a +0 great mace of draining
 r - a +2 whip of electrocution
 x - a +5 vorpal flail (weapon)
Missiles
 B - 2 atropa-tipped darts (quivered)
 G - 3 boomerangs
Armour
 b - a +0 scale mail
 c - a +0 buckler
 f - a +0 pair of gloves (worn)
 m - a +1 kite shield of protection (worn)
 o - a +0 helmet (worn)
 A - a +2 cloak (worn)
 F - a +0 tower shield
 H - a +0 plate armour
 I - a +0 pair of boots (worn)
 J - +0 acid dragon scales
 L - a +0 troll leather armour (worn)
 S - a +0 cloak
Jewellery
 q - a ring of protection from cold
 y - a ring of fire
 z - a ring of wizardry (left hand)
 D - a ring of resist corrosion
 P - a ring of protection from fire (right hand)
Wands
 N - a wand of polymorph (9)
Scrolls
 e - 2 scrolls of noise
 h - 2 scrolls of enchant weapon
 k - a scroll of magic mapping
 v - 2 scrolls of brand weapon
 C - a scroll of amnesia
 O - 2 scrolls of enchant armour
Potions
 g - 2 potions of brilliance
 i - a potion of haste
 w - a potion of attraction
 E - 3 potions of flight
Miscellaneous
 K - a lightning rod (2/4)


   Skills:
 + Level 10.3 Fighting
 * Level 14.8 Axes
 + Level 9.4 Armour
 + Level 9.4 Shields
 + Level 1.5 Spellcasting
 + Level 1.9 Poison Magic
 + Level 3.9 Invocations


You had 7 spell levels left.
You knew the following spells:

 Your Spells              Type           Power      Damage    Failure   Level
a - Poisonous Vapours     Pois/Air       4%         N/A       32%         2
b - Olgreb's Toxic Radia  Pois           3%         N/A       80%         4

Your spell library contained the following spells:

 Spells                   Type           Power      Damage    Failure   Level
 Sting                    Tmut/Pois      8%         1d3       22%         1
 Animate Skeleton         Necr           0%         N/A       32%         1
 Pain                     Necr           0%         1d4       32%         1
 Shock                    Conj/Air       0%         1d3       32%         1
 Ensorcelled Hibernation  Hex/Ice        0%         N/A       45%         2
 Gell's Gravitas          Tloc           0%         N/A       67%         3
 Swiftness                Air            0%         N/A       67%         3
 Teleport Other           Tloc           0%         N/A       67%         3
 Tukima's Dance           Hex            0%         N/A       67%         3
 Vampiric Draining        Necr           0%         2d6       67%         3
 Airstrike                Air            0%         N/A       96%         4
 Freezing Cloud           Conj/Ice/Air   0%         6-21      100%        5
 Dispersal                Tloc           0%         N/A       100%        6
 Simulacrum               Ice/Necr       0%         N/A       100%        6
 Polar Vortex             Ice            0%         N/A       100%        9


Dungeon Overview and Level Annotations

Branches:
Dungeon (14/15)            Temple (1/1) D:5            Lair (1/6) D:8
  Sewer (visited)
    Orc: D:9-12      Vaults: D:13-14

Altars:
Ashenzari
Cheibriados
Dithmenos
Elyvilon
Fedhas
Gozag
Hepliaklqana
Kikubaaqudgha
Makhleb
Nemelex Xobeh
Okawaru
Qazlal
Ru
Sif Muna
Trog
Uskayaw
Vehumet
Wu Jian
Xom
Yredelemnul
Zin
The Shining One

Shops:
D:6 [[*   D:11 **

Annotations:
D:12 Psyche
D:14 Nessos


Message History

There is an open door here.
You block the two-headed ogre's attack.
The two-headed ogre hits you with a +1 dire flail of holy wrath!
There is an open door here.
A boulder beetle comes into view.
The boulder beetle curls into a ball and begins rolling!
The boulder beetle hits you!!
* * * LOW HITPOINT WARNING * * *
The boulder beetle stops rolling and uncurls.
The boulder beetle curls into a ball and begins rolling!
There is a stone staircase leading down here.
The boulder beetle closely misses you.
The boulder beetle stops rolling and uncurls.
You climb downwards.
Level annotation: Nessos The brown ugly thing gurgles horribly! x2
The centaur warrior hits you.
* * * LOW HITPOINT WARNING * * *
The centaur warrior barely misses you.
A brown ugly thing comes into view.
Found a scale mail and a twisted copper wand.
There is a stone staircase leading up here.
You block the centaur warrior's attack. x2; The boulder beetle bites you.
* * * LOW HITPOINT WARNING * * *
You climb upwards.
The two-headed ogre closely misses you.
The two-headed ogre hits you with a +1 dire flail of holy wrath!
* * * LOW HITPOINT WARNING * * *
There is a stone staircase leading down, spattered with blood here.
Unknown command.
The centaur warrior wields a +0 shortbow.
The centaur warrior shoots an arrow.
The arrow hits you.
* * * LOW HITPOINT WARNING * * *
The two-headed ogre completely misses you.
The two-headed ogre hits you but does no damage.
The centaur warrior shoots an arrow.
The arrow hits you!
* * * LOW HITPOINT WARNING * * *
The boulder beetle leaps!
Unknown command.
The centaur warrior shoots an arrow.
The arrow hits you.
You die...

...###### #.......##########
........# #................#
####....# #................#
........# #................#
........# #................###
...####.######................'..
####..'..#..............B.....#..
#..#..#....................#..
##'##'#####..@..O..........#..
#...#.....'.....c..........#..
#...#.....#................#..
##############################


You could see a centaur warrior and a two-headed ogre.

Vanquished Creatures
  A boulder beetle (D:13)
  A two-headed ogre (D:9)
  4 skeletal warriors (D:11)
  2 manticores
  2 kobold demonologists
  A hornet (D:8)
  3 trolls
  A wraith (D:11)
  4 yaks (D:11)
  2 wyverns (D:9)
  A vampire mosquito (D:13)
  A steam dragon (D:7)
  Edmund (D:5)
  2 acid dragons
  Pargi (Sewer)
  2 water moccasins
  2 orc warriors
  2 black bears
  3 ice beasts
  2 centaurs
  3 wolves (D:8)
  An ogre (D:5)
  4 lemures (D:9)
  2 kobold brigands
  4 bullfrogs
  2 scorpions
  8 killer bees
  2 howler monkeys
  8 electric eels
  6 centaur zombies
  7 hounds
  3 jellies
  3 orc priests
  A bullfrog skeleton (D:6)
  A centaur skeleton (D:6)
  6 orc wizards
  2 iguanas (D:5)
  A howler monkey zombie (D:6)
  6 gnolls
  2 adders
  A howler monkey skeleton (D:6)
  A river rat (D:3)
  2 white imps (D:7)
  5 worms
  2 dart slugs
  24 orcs
  10 endoplasms
  5 giant cockroaches
  10 goblins
  7 hobgoblins
  14 kobolds
  6 quokkas
  5 ball pythons
  A bat (D:3)
  14 frilled lizards
  3 rats
220 creatures vanquished.

Vanquished Creatures (others)
  A water elemental (D:14)
  A bullfrog zombie (D:6)
  A gnoll (D:5)
  An orc (D:5)
  A plant (D:4)
5 creatures vanquished.

Grand Total: 225 creatures vanquished

Notes
Turn   | Place    | Note
-------+----------+-------------------------------------------
     0 | D:1      | Htamos the Hill Orc Fighter began the quest for the Orb.
     0 | D:1      | Reached XP level 1. HP: 19/19 MP: 1/1
   141 | D:1      | Reached skill level 3 in Axes
   142 | D:1      | Reached XP level 2. HP: 27/27 MP: 2/2
   672 | D:1      | Found a faded altar of an unknown god.
   672 | D:1      | Noticed an Ice Fiend
   896 | D:2      | Reached XP level 3. HP: 31/33 MP: 3/3
  1662 | D:3      | Reached skill level 4 in Axes
  1667 | D:3      | Reached XP level 4. HP: 38/40 MP: 4/4
  1679 | D:3      | Found a glowing drain.
  1683 | Sewer    | Entered a sewer
  1713 | Sewer    | Noticed Pargi
  1733 | Sewer    | Killed Pargi
  1734 | Sewer    | Reached skill level 5 in Axes
  1734 | Sewer    | Reached XP level 5. HP: 25/47 MP: 5/5
  2238 | D:3      | Found a white marble altar of Elyvilon.
  2315 | D:3      | Reached XP level 6. HP: 46/53 MP: 6/6
  3010 | D:4      | Reached skill level 5 in Fighting
  3010 | D:4      | Reached skill level 6 in Axes
  3104 | D:4      | Found a blossoming altar of Fedhas.
  3282 | D:4      | Found a hazy altar of Hepliaklqana.
  3648 | D:5      | Entered Level 5 of the Dungeon
  3782 | D:5      | Reached XP level 7. HP: 49/61 MP: 7/7
  3853 | D:5      | Found a staircase to the Ecumenical Temple.
  3862 | Temple   | Entered the Ecumenical Temple
  4136 | D:5      | Became a worshipper of Beogh the Brigand
  4304 | D:5      | Found a shimmering blue altar of Sif Muna.
  4430 | D:5      | Noticed Edmund
  4462 | D:5      | Killed Edmund
  4463 | D:5      | Reached skill level 7 in Axes
  4463 | D:5      | Reached skill level 5 in Armour
  4463 | D:5      | Reached skill level 5 in Shields
  5222 | D:5      | Reached XP level 8. HP: 70/70 MP: 8/8
  5446 | D:6      | Reached skill level 8 in Axes
  5673 | D:6      | Found Oskum's Armour Shop.
  5917 | D:6      | Found a hide-covered altar of Uskayaw.
  6172 | D:6      | Reached skill level 9 in Axes
  6212 | D:6      | Found Wadghimp's Armour Shop.
  6229 | D:6      | Found Ralisk's Assorted Antiques.
  6664 | D:7      | Reached XP level 9. HP: 55/79 MP: 9/9
  6857 | D:7      | Reached * piety under Beogh
  7049 | D:7      | Reached skill level 10 in Axes
  8019 | D:8      | Found a bloodstained altar of Trog.
  8227 | D:8      | Found a radiant altar of Vehumet.
  8234 | D:8      | Reached skill level 11 in Axes
  8386 | D:8      | Found an iron altar of Okawaru.
  8490 | D:8      | Found a burning altar of Makhleb.
  8491 | D:8      | Found a basalt altar of Yredelemnul.
  9382 | D:9      | Noticed a troll
  9416 | D:9      | Reached XP level 10. HP: 58/89 MP: 10/10
  9565 | D:9      | Noticed a two-headed ogre
  9583 | D:9      | Killed a two-headed ogre
  9584 | D:9      | Reached skill level 12 in Axes
  9845 | D:9      | Found a shadowy altar of Dithmenos.
 10240 | D:10     | Entered Level 10 of the Dungeon
 10504 | D:10     | Found a sparkling altar of Nemelex Xobeh.
 11012 | D:11     | Noticed a skeletal warrior
 11071 | D:11     | Reached skill level 13 in Axes
 11151 | D:11     | Noticed a manticore
 11168 | D:11     | Killed a manticore
 11391 | D:11     | Noticed a death knight
 11458 | D:11     | Reached XP level 11. HP: 89/97 MP: 11/11
 11560 | D:11     | Reached skill level 1 in Invocations
 11588 | D:11     | Found Cotuoc's Sacrilege Store.
 11597 | D:11     | Reached ** piety under Beogh
 11669 | D:11     | Found Zacanoet's Assorted Antiques.
 12086 | D:8      | Reached skill level 14 in Axes
 12411 | D:8      | Found a staircase to the Lair.
 12462 | Lair:1   | Entered Level 1 of the Lair of Beasts
 12472 | Lair:1   | Learned a level 2 spell: Poisonous Vapours
 12477 | Lair:1   | Learned a level 4 spell: Olgreb's Toxic Radiance
 12660 | D:11     | Noticed a skeletal warrior
 12660 | D:11     | Noticed a skeletal warrior
 12669 | D:11     | Killed a skeletal warrior
 12669 | D:11     | Noticed a skeletal warrior
 12670 | D:11     | Noticed a skeletal warrior
 12677 | D:11     | Killed a skeletal warrior
 12678 | D:11     | Reached skill level 10 in Fighting
 12681 | D:11     | Killed a skeletal warrior
 12682 | D:11     | Reached skill level 1 in Poison Magic
 12885 | D:11     | Killed a skeletal warrior
 12886 | D:11     | Reached skill level 1 in Spellcasting
 13080 | D:12     | Noticed a white ugly thing
 13087 | D:12     | Noticed Psyche
 13166 | D:13     | Noticed a manticore
 13180 | D:13     | Killed a manticore
 13347 | D:14     | Noticed Nessos
 13348 | D:14     | Noticed a skeletal warrior
 13348 | D:14     | Noticed a skeletal warrior
 13348 | D:14     | Noticed a six-headed hydra
 13348 | D:14     | Noticed a skeletal warrior
 13354 | D:14     | Noticed a tengu warrior
 13360 | D:14     | Noticed a boulder beetle
 13362 | D:14     | Noticed a deep elf pyromancer
 13363 | D:14     | Noticed a harpy
 13367 | D:14     | a harpy changed into a raiju
 13384 | D:13     | Noticed a boulder beetle
 13385 | D:13     | Noticed a tengu warrior
 13387 | D:13     | Noticed a tengu warrior
 13577 | D:13     | Noticed a boulder beetle
 13590 | D:13     | Killed a boulder beetle
 13663 | D:13     | Noticed a two-headed ogre
 13687 | D:13     | Noticed a boulder beetle
 13696 | D:14     | Noticed a centaur warrior
 13696 | D:14     | Noticed a brown ugly thing
 13696 | D:14     | Noticed a brown ugly thing
 13696 | D:14     | Noticed a brown ugly thing
 13697 | D:14     | Noticed a brown ugly thing
 13700 | D:13     | HP: 5/101 [centaur warrior/arrow (15)]
 13701 | D:13     | Shot with an arrow by a centaur warrior

Illustrated notes

Levels and vault maps discovered:
D:1:      scummos_arrival_star, layout_basic,
          dreamdust_ecumenical_altar_sealed_demon, minmay_worlds_worst_comb
D:2:      layout_basic
D:3:      layout_basic, nicolae_overflow_crystal_walls, gup_sewer_entry_bowl,
          nicolae_figureground_pulse
D:4:      layout_basic, nicolae_hepliaklqana_hazy_memory, fedhas_altar_4
D:5:      layout_basic, general_overflow_altar,
          minmay_temple_entry_drinking_statues, corexii_hall_statues_x,
          minmay_misc_feat_chi, uniq_edmund
D:6:      layout_loops_ring, lemuel_crystal_altar, nicolae_wooded_promenade
D:7:      layout_cave_pods
D:8:      layout_loops_corners, mainiacjoe_overflow_catwalk,
          grunt_temple_overflow_open, nicolae_overflow_squiral, erik_lair_island
D:9:      layout_stronghold, mainiacjoe_overflow_boulevard, uniq_pikel
D:10:     layout_irregular_city, mainiacjoe_overflow_surrounded_room
D:11:     layout_loops_cross, serial_shops, kennysheep_mini, nicolae_evil_shop
D:12:     layout_basic, hiddenorc1_lemuel, enter_bailey_5, nrook_mini_vaults,
          minmay_fractal_squares_5, uniq_jorgrun, uniq_psyche, uniq_snorg
D:13:     layout_grid_maze, hangedman_vaults_entry_quadrant_bands,
          grunt_dithmenos_smoke
D:14:     layout_cave_pools, serial_park_fountain, minivault_7, uniq_nessos,
          uniq_azrael
Temple:   jpeg_temple_alley_garden
Lair:1:   layout_cave_pods, gammafunk_ghost_grave, cheibrodos_lair_lostbears,
          uniq_gastronok

Skill      XL: |  1  2  3  4  5  6  7  8  9 10 11 |
---------------+----------------------------------+-----
Axes           | 3 4 5 6 7 9 11 13 14 | 14.8
Fighting       | 4 5 6 7 8 9 10 | 10.3
Armour         | 4 5 6 7 8 9 |  9.4
Shields        | 4 5 6 7 8 9 |  9.4
Invocations    | 3 |  3.9
Poison Magic   | 1 |  1.9
Spellcasting   | 1 |  1.5

Action                   |  1- 3 |  4- 6 |  7- 9 | 10-12 || total
-------------------------+-------+-------+-------+-------++-------
Melee: War axe           |   130 |   151 |    43 |       ||   324
       Flail             |       |       |   210 |   347 ||   557
Invok: Convert to Beogh  |       |       |     1 |       ||     1
       Smiting           |       |       |       |     3 ||     3
Evoke: Wand              |       |       |     3 |     9 ||    12
       Lightning rod     |       |       |       |     6 ||     6
  Use: Potion            |       |     2 |     6 |     4 ||    12
       Scroll            |       |       |       |    24 ||    24
 Stab: Paralysed         |       |       |       |     3 ||     3
Armor: Scale mail        |    48 |    95 |    85 |       ||   228
       Plate armour      |       |       |   107 |     2 ||   109
       Troll leather arm |       |       |       |   217 ||   217
Dodge: Dodged            |    38 |    53 |    77 |   122 ||   290
Block: Buckler           |    13 |       |       |       ||    13
       Kite shield       |    29 |    84 |   160 |   228 ||   501

Table legend: (Time is in decaauts)
 A = Elapsed time spent in this place.
 B = Non-inter-level travel time spent in this place.
 C = Inter-level travel time spent in this place.
 D = Time resting spent in this place.
 E = Time spent auto-exploring this place.
 F = Levels seen in this place.
 G = Mean time per level.
                   A        B        C        D        E       F      G
               +--------+--------+--------+--------+--------+-----+--------+
         Total |  14019 |  13221 |    798 |   1529 |   8261 |  17 |  824.6 |
       Dungeon |  13364 |  12621 |    743 |   1529 |   7856 |  14 |  954.6 |
        Temple |    233 |    178 |     55 |      0 |    173 |   1 |  233.0 |
          Lair |     56 |     56 |      0 |      0 |     28 |   1 |   56.0 |
         Sewer |    364 |    364 |      0 |      0 |    203 |   1 |  364.0 |
               +--------+--------+--------+--------+--------+-----+--------+

Top non-repeatable levels by time:
     D:8: 1959 daAuts
     D:5: 1562 daAuts
     D:7: 1315 daAuts
     D:6: 1278 daAuts
    D:11: 1101 daAuts
     D:9: 1000 daAuts
     D:3: 956 daAuts
    D:10: 893 daAuts
     D:1: 856 daAuts
     D:4: 832 daAuts
     D:2: 800 daAuts
    D:13: 551 daAuts
   Sewer: 364 daAuts
  Temple: 233 daAuts
    D:12: 213 daAuts
